 Dungeon Crawl Stone Soup version 0.30.0-15-g856e2d3f33 (webtiles) character file.

Game seed: 16816165547373886384

64 Firecrotchwizard the Chopper (level 4, -2/40 HPs)
             Began as a Hill Orc Monk on May 19, 2023.
             Succumbed to Sigmund's poison
             ... on level 3 of the Dungeon.
             The game lasted 00:03:20 (1660 turns).

Firecrotchwizard the Chopper (Hill Orc Monk)        Turns: 1660, Time: 00:03:20

Health: -2/40      AC:  6    Str: 15    XL:     4   Next: 12%
Magic:  4/4        EV: 11    Int: 10    God:
Gold:   152        SH:  0    Dex: 13    Spells: 3/3 levels left

rFire   . . .        t - +1 hand axe (heavy)
rCold   . . .        d - orb {light}
rNeg    . . .        s - +0 ring mail
rPois   .            (no helmet)
rElec   .            (no cloak)
rCorr   .            (no gloves)
SInv    .            f - +0 pair of boots
Will    .....        j - amulet of faith
Stlth   +            (no ring)
HPRegen 0.26/turn    (no ring)
MPRegen 0.09/turn

%: faith
@: lethally poisoned (-2 -> -11), glowing
A: no striking features
a: no special abilities


You were on level 3 of the Dungeon.
You visited 1 branch of the dungeon, and saw 3 of its levels.

You collected 152 gold pieces.

Inventory:

Hand Weapons
 a - a +0 hand axe
 q - a +1 heavy spear
 t - a +1 heavy hand axe (weapon)
Armour
 b - a +0 robe
 d - an orb of light (worn)
 f - a +0 pair of boots (worn)
 m - a +0 leather armour
 s - a +0 ring mail (worn)
 u - a +0 chain mail
Jewellery
 j - an amulet of faith (around neck)
Scrolls
 n - a scroll of teleportation {unknown}
 p - a scroll of enchant armour {unknown}
 r - 5 scrolls of identify {unknown}
Potions
 c - a potion of ambrosia
 e - a potion of invisibility {unknown}
 g - a potion of haste {unknown}
 h - 2 potions of might {unknown}
 i - a potion of brilliance {unknown}
 k - a potion of mutation {unknown}
 l - a potion of heal wounds {unknown}
 o - 4 potions of curing {unknown}


   Skills:
 + Level 4.2 Fighting
 * Level 5.4 Axes
 + Level 1.7 Armour
 - Level 2.4 Dodging


You had 3 spell levels left.
You didn't know any spells.
Your spell library was empty.

Dungeon Overview and Level Annotations

Branches:
Dungeon (3/15)

Altars:

Annotations:
D:3 Sigmund


Message History

No target in view!
No target in view!
No target in view!
No target in view!
No target in view!
No target in view!
No target in view!
No target in view!
No target in view!
No target in view!
No target in view!
No target in view!
No target in view!
An endoplasm comes into view.
An endoplasm is nearby!
The endoplasm quivers.
You hit the endoplasm.
The endoplasm is heavily wounded.
The endoplasm closely misses you.
You puncture the endoplasm!
You kill the endoplasm!
No target in view!
You now have 152 gold pieces (gained 7).
A bat comes into view.
The bat moves out of view.
A bat is nearby!
You reach to attack!
You puncture the bat!
You kill the bat!
An orc comes into view. It is wielding a +0 whip.
The orc shouts!
The orc moves out of view. 3 orcs come into view.
An orc is wielding a +1 heavy hand axe.
The orc shouts!
The orc moves out of view.
You reach to attack!
You puncture the orc!
You kill the orc!
You have reached level 4!
You hit the orc but do no damage. The orc hits you but does no damage. x2
You barely miss the orc. You puncture the orc!
You kill the orc!
The orc hits you with a +1 heavy hand axe.
You hit the orc.
You kill the orc!
No target in view!
Things that are here:
a +1 heavy hand axe; a +0 chain mail
t - a +1 heavy hand axe;
u - a +0 chain mail
t - a +1 heavy hand axe (weapon)
HP restored.
You open the door. You open the door.
There is an open door here.
An endoplasm comes into view.
The endoplasm quivers.
An endoplasm is nearby!
The endoplasm freezes you.
You are frozen.
You hit the endoplasm.
The endoplasm is lightly wounded.
The endoplasm hits you but does no damage.
The endoplasm freezes you.
You are frozen.
You slash the endoplasm!
You kill the endoplasm!
No target in view!
Key pressed, stopping explore.
Sigmund is nearby!
Sigmund shouts!
Sigmund gestures wildly while chanting.
Sigmund flickers and vanishes!
Deactivating autopickup; reactivate with Ctrl-A.
Unknown command.
No target in view!
No target in view!
Sigmund zaps a wand.
The puff of flame hits you. Sigmund barely misses you.
Sigmund hits you with a +7 scythe of venom!
You are poisoned.
You barely miss Sigmund.
You feel very sick.
Sigmund hits you with a +7 scythe of venom.
* * * LOW HITPOINT WARNING * * *
You are lethally poisoned!
You hit Sigmund.
Sigmund is lightly wounded.
* * * LOW HITPOINT WARNING * * *
You feel very sick. Sigmund barely misses you.
You hit Sigmund.
Sigmund is moderately wounded.
* * * LOW HITPOINT WARNING * * *
You feel very sick.
Sigmund zaps a wand.
The puff of flame hits you.
* * * LOW HITPOINT WARNING * * *
You hit Sigmund.
Sigmund is moderately wounded.
You die...

#..####.# #.# #.# ####..# #.# #.#
#.# #.###.##..####.#####.#####.#
#...........................
#.#####.##.#####.#######.###.#
......................>.......
#.###.#'##........รท#........##
#..........#.#.#.#.#..#.##
#........@.#..............
#........@.#.#.#.#.#..#.##
#.#+#####'##.#.#.#.#..#.#
#.##+###.#.##..................##
............#.........#.#.#..#.##
..##.###.#..#.........#.#.#..#.##
.##.....#..#.........#.#.#....##
...........####+##..............
#.######...####......#.#.##.###.


You could see Sigmund (invisible).

Vanquished Creatures
  2 adders (D:2)
  A worm (D:2)
  A dart slug (D:2)
  3 orcs (D:3)
  5 endoplasms
  A giant cockroach (D:2)
  2 goblins (D:2)
  7 jackals
  2 quokkas (D:2)
  2 ball pythons
  4 bats
  2 frilled lizards (D:2)
  3 kobolds
  2 rats
37 creatures vanquished.

Notes
Turn   | Place    | Note
-------+----------+-------------------------------------------
     0 | D:1      | Firecrotchwizard the Hill Orc Monk began the quest for the
                  | Orb.
     0 | D:1      | Reached XP level 1. HP: 19/19 MP: 1/1
   345 | D:2      | Reached XP level 2. HP: 26/27 MP: 2/2
   464 | D:2      | Reached skill level 1 in Armour
   533 | D:2      | Reached XP level 3. HP: 30/33 MP: 3/3
   728 | D:2      | Reached skill level 5 in Axes
  1170 | D:3      | Noticed Sigmund
  1530 | D:3      | Reached XP level 4. HP: 40/40 MP: 4/4
  1659 | D:3      | HP: 1/40 [Sigmund/puff of flame (6)]
  1660 | D:3      | Succumbed to Sigmund's poison

Illustrated notes

Levels and vault maps discovered:
D:1:      lightli_arrival_boilingwater, layout_basic,
          ebering_ecumenical_altar_hall, kennysheep_crisscross,
          nicolae_concentric_dashed_squares_wild, serial_bayou_lagoon_b
D:2:      layout_loops_ring, dreamdust_wishing_well
D:3:      layout_basic, kiku_gazebo_pond_becter, minmay_misc_feat_cross,
          uniq_sigmund

Skill      XL: |  1  2  3 |
---------------+----------+-----
Armour         | 1 |  1.7
Fighting       | 4 |  4.2
Axes           | 5 |  5.4
Dodging        | |  2.4

Action                     |  1- 3 |  4- 6 || total
---------------------------+-------+-------++-------
  Melee: Hand axe          |    78 |     6 ||    84
         Spear             |    27 |     4 ||    31
  Throw: Dart              |     5 |       ||     5
 Armour: Robe              |     5 |       ||     5
         Leather armour    |    21 |       ||    21
         Ring mail         |    13 |     3 ||    16
  Dodge: Dodged            |    76 |     2 ||    78
